 Dungeon Crawl Stone Soup version 0.29.0-4-gdea44cf6ec (webtiles) character file.

Game seed: 10246431192601878618

8162 qw the Grappler (level 11, 0/105 HPs)
             Began as a Troll Cinder Acolyte on Sept 3, 2022.
             Was a Priest of Ignis.
             Slain by an ogre
             ... wielding a +0 giant club
             ... led by Lodul
              (8 damage)
             ... on level 10 of the Dungeon.
             The game lasted 00:04:31 (7086 turns).

qw the Grappler (Troll Cinder Acolyte)              Turns: 7086, Time: 00:04:32

Health: 0/105      AC: 22    Str: 28      XL:     11   Next: 6%
Magic:  11/11      EV:  9    Int:  8 (10) God:    Ignis [***...]
Gold:   284        SH:  0    Dex:  5      Spells: 12/12 levels left

rFire   + + .      SeeInvis .     - Unarmed
rCold   . . .      Faith    .   (no shield)
rNeg    . . .      Spirit   .   q - +0 swamp dragon scales
rPois   +          Reflect  .   n - +3 hat of the Stallion {rPois Stlth+}
rElec   .          Harm     .   h - +1 cloak
rCorr   .          Rampage  .   (gloves unavailable)
Will    +....      Clarity  +   (boots unavailable)
Stlth   +.........              (no amulet)
HPRegen 1.07/turn               a - ring of willpower
MPRegen 0.12/turn               l - ring of protection from fire

@: about to teleport, fiery-armoured
A: large, unfitting armour, claws 3, regeneration 1, shaggy fur 1, tough skin 1,
clarity, deterioration 1
a: Renounce Religion, Fiery Armour, Foxfire Swarm, Rising Flame


You were on level 10 of the Dungeon.
You worshipped Ignis.
Ignis was most pleased with you.
You visited 1 branch of the dungeon, and saw 10 of its levels.

You collected 416 gold pieces.
You spent 132 gold pieces at shops.


Innate Abilities, Weirdness & Mutations

You are too large for most types of armour.
You have claws for hands.
Your natural rate of healing is unusually fast.
You are covered in fur. (AC +1)
You have tough skin. (AC +1)
You possess an exceptional clarity of mind.
Your body sometimes deteriorates upon taking damage.


   Skills:
 - Level 6.1 Fighting
 - Level 3.1 Throwing
 - Level 3.2 Armour
 - Level 1.9 Dodging
 + Level 14.6 Unarmed Combat
 - Level 1.0 Spellcasting
 - Level 2.1 Fire Magic


You had 12 spell levels left.
You didn't know any spells.
Your spell library contained the following spells:

 Spells                   Type           Power      Damage    Failure   Level
 Scorch                   Fire           6%         2d5       34%         2

Inventory:

Missiles
 s - 5 boomerangs (quivered)
Armour
 h - a +1 cloak (worn)
 n - the +3 hat of the Stallion (worn) {rPois Stlth+}
   (You acquired it on level 9 of the Dungeon)

   rPois:     It protects you from poison.
   Stlth:     It makes you more stealthy.
 q - +0 swamp dragon scales (worn)
Jewellery
 a - a ring of willpower (left claw)
 e - a ring of poison resistance
 l - a ring of protection from fire (right claw)
 m - a ring of resist corrosion
Scrolls
 b - 8 scrolls of identify
 i - a scroll of teleportation
 o - 3 scrolls of enchant weapon
Potions
 c - 2 potions of resistance
 d - a potion of curing
 f - 7 potions of might
 g - a potion of haste
 r - a potion of mutation
 u - a potion of heal wounds

Dungeon Overview and Level Annotations

Branches:
Dungeon (10/15)            Temple (0/1) D:4
   Lair: D:8-11         Orc: D:9-12

Altars:
Ashenzari
Cheibriados
Dithmenos
Elyvilon
Fedhas
Gozag
Makhleb
Nemelex Xobeh
Okawaru
Qazlal
Sif Muna
Wu Jian
Yredelemnul
The Shining One

Shops:
D:5 *

Annotations:
D:5 3 runed translucent doors, qw's ghost, novice TrCA
D:7 3 runed translucent doors, qw's ghost, novice TrCA


Message History

The ogre is lightly wounded.
You scratch the ogre.
The ogre is severely wounded.
You claw the ogre!
You kill the ogre!
The two-headed ogre hits you with a +0 giant club!
The two-headed ogre is burned by your cloak of flames.
The two-headed ogre is lightly wounded.
The two-headed ogre hits you with a +0 giant club!
The two-headed ogre is burned by your cloak of flames.
The two-headed ogre is lightly wounded.
You claw the two-headed ogre!
The two-headed ogre is heavily wounded.
You completely miss the two-headed ogre.
The two-headed ogre is heavily wounded.
The ogre closely misses you.
The two-headed ogre hits you with a +0 giant club!!
Your body deteriorates!
You feel dopey.
The two-headed ogre is burned by your cloak of flames.
The two-headed ogre is heavily wounded.
The two-headed ogre barely misses you.
You completely miss the two-headed ogre.
The two-headed ogre is heavily wounded.
You scratch the two-headed ogre.
The two-headed ogre is severely wounded.
The two-headed ogre hits you with a +0 giant club!!
The two-headed ogre is burned by your cloak of flames.
The two-headed ogre is severely wounded.
The two-headed ogre hits you but does no damage.
The two-headed ogre is burned by your cloak of flames.
The two-headed ogre is severely wounded.
7086 ||| READING 2 scrolls of teleportation.
As you read the scroll of teleportation, it crumbles to dust.
You feel strangely unstable.
The ogre hits you with a +0 giant spiked club!
Your body deteriorates!
You feel dopey.
The ogre is burned by your cloak of flames.
The ogre is moderately wounded.
The ogre hits you with a +0 giant club!
You die...

....... .. ### .#..(.. #
.. #.##.....(.. .#.# ....
#....#...... ... .......
.............#.. .......
........)....#.# .......
........... #))# .....##
........... #)####......#
.......... #)O@#........
........##. ###OO........
.............#####........
..>.....#.#...............
.....#### #.##..#.........
.....%### #. #####.......#
.....<..###..###..........
#.......#.##.........###..
#................##..# #


You could see a two-headed ogre and 2 ogres.

Vanquished Creatures
  A two-headed ogre (D:8)
  Lodul (D:10)
  Maggie (D:6)
  Maurice (D:9)
  Prince Ribbit (D:5)
  A wyvern (D:9)
  A shadow (D:9)
  13 yaks
  2 steam dragons
  Edmund (D:5)
  2 black bears
  3 orc warriors
  2 sky beasts (D:8)
  4 ogres (D:10)
  2 phantoms
  A kobold brigand (D:8)
  2 bullfrogs
  A necrophage (D:8)
  5 wights (D:9)
  20 killer bees
  4 howler monkeys
  2 hounds
  2 gnoll boudas
  8 orc priests
  A jelly (D:5)
  3 iguanas
  8 orc wizards
  Terence (D:3)
  11 gnolls
  9 adders
  3 white imps
  An ufetubus (D:6)
  3 worms
  2 dart slugs (D:3)
  43 orcs
  7 ball pythons
  10 endoplasms
  A giant cockroach (D:1)
  A goblin (D:4)
  11 hobgoblins
  13 jackals
  14 kobolds
  7 quokkas
  2 bats
  3 frilled lizards
  8 rats
243 creatures vanquished.

Notes
Turn   | Place    | Note
-------+----------+-------------------------------------------
     0 | D:1      | qw the Troll Cinder Acolyte began the quest for the Orb.
     0 | D:1      | Reached XP level 1. HP: 22/22 MP: 1/1
     0 | D:1      | 0 ||| qw: Version: 0.1-a-102-g441f92d
     0 | D:1      | 0 ||| qw: Game counter: 5137
     0 | D:1      | 0 ||| qw: Always use a shield: true
     0 | D:1      | 0 ||| qw: God list: Okawaru
     0 | D:1      | 0 ||| qw: Allow faded altars: false
     0 | D:1      | 0 ||| qw: Do Orc after D:15 true
     0 | D:1      | 0 ||| qw: Do second Lair branch before Depths: true
     0 | D:1      | 0 ||| qw: Lair rune preference: random
     0 | D:1      | 0 ||| qw: Plans: Normal
     0 | D:1      | 0 ||| PLANNING D:1-11
    76 | D:1      | 76 ||| Stepping ~*~*~tactically~*~*~ (stealth).
    84 | D:1      | 84 ||| Stepping ~*~*~tactically~*~*~ (outnumbered).
    86 | D:1      | Reached XP level 2. HP: 29/29 MP: 2/2
   224 | D:1      | 224 ||| Stepping ~*~*~tactically~*~*~ (outnumbered).
   242 | D:1      | Found a faded altar of an unknown god.
   247 | D:1      | Reached skill level 4 in Unarmed Combat
   536 | D:1      | 536 ||| DROPPING orb of wrath.
   537 | D:1      | 537 ||| UPGRADING to ring of poison resistance.
   538 | D:1      | 538 ||| READING 2 scrolls labelled FACHYIDUUN.
   539 | D:1      | 539 ||| READING 3 scrolls labelled SYXATHRA BOTA.
   540 | D:1      | 540 ||| READING 2 scrolls of identify.
   540 | D:1      | 540 ||| IDENTIFYING fuming inky potion
   541 | D:1      | 541 ||| DROPPING scroll of amnesia.
   762 | D:2      | Reached XP level 3. HP: 36/36 MP: 3/3
  1013 | D:2      | 1013 ||| Stepping ~*~*~tactically~*~*~ (stealth).
  1125 | D:2      | Reached XP level 4. HP: 44/44 MP: 4/4
  1129 | D:2      | Reached skill level 5 in Unarmed Combat
  1386 | D:2      | 1386 ||| READING 2 scrolls labelled GOTOERH DOTTE.
  1387 | D:2      | 1387 ||| READING 2 scrolls labelled PUIXUD PEPPIAL.
  1391 | D:2      | 1391 ||| READING scroll labelled NUEMUTHR BEHUS.
  1392 | D:2      | 1392 ||| READING scroll labelled PUTOPUHIAL.
  1393 | D:2      | 1393 ||| DROPPING scroll of poison.
  1428 | D:3      | Found a shadowy altar of Dithmenos.
  1438 | D:3      | Reached skill level 1 in Throwing
  1494 | D:3      | Noticed Terence
  1498 | D:3      | Killed Terence
  1500 | D:3      | 1500 ||| FLEEEEING.
  1570 | D:3      | Reached XP level 5. HP: 44/50 MP: 5/5
  1592 | D:3      | 1592 ||| Stepping ~*~*~tactically~*~*~ (outnumbered).
  1593 | D:3      | 1593 ||| Stepping ~*~*~tactically~*~*~ (outnumbered).
  1594 | D:3      | 1594 ||| Stepping ~*~*~tactically~*~*~ (outnumbered).
  1615 | D:3      | Reached skill level 6 in Unarmed Combat
  1808 | D:3      | 1808 ||| Stepping ~*~*~tactically~*~*~ (stealth).
  1968 | D:3      | 1968 ||| UPGRADING to +0 cloak.
  1973 | D:3      | 1973 ||| UPGRADING to ring of protection from fire.
  1974 | D:3      | 1974 ||| READING scroll labelled ZOONNY JAWU.
  1983 | D:4      | 1983 ||| Stepping ~*~*~tactically~*~*~ (hiding).
  2002 | D:4      | 2002 ||| Stepping ~*~*~tactically~*~*~ (stealth).
  2003 | D:4      | 2003 ||| Stepping ~*~*~tactically~*~*~ (stealth).
  2005 | D:4      | 2005 ||| Stepping ~*~*~tactically~*~*~ (stealth).
  2006 | D:4      | 2006 ||| Stepping ~*~*~tactically~*~*~ (stealth).
  2007 | D:4      | 2007 ||| Stepping ~*~*~tactically~*~*~ (stealth).
  2008 | D:4      | 2008 ||| Stepping ~*~*~tactically~*~*~ (stealth).
  2009 | D:4      | 2009 ||| Stepping ~*~*~tactically~*~*~ (stealth).
  2027 | D:4      | 2027 ||| Stepping ~*~*~tactically~*~*~ (stealth).
  2030 | D:4      | 2030 ||| Stepping ~*~*~tactically~*~*~ (stealth).
  2032 | D:4      | 2032 ||| Stepping ~*~*~tactically~*~*~ (stealth).
  2035 | D:4      | 2035 ||| Stepping ~*~*~tactically~*~*~ (stealth).
  2038 | D:4      | 2038 ||| Stepping ~*~*~tactically~*~*~ (stealth).
  2040 | D:4      | 2040 ||| Stepping ~*~*~tactically~*~*~ (stealth).
  2042 | D:4      | 2042 ||| Stepping ~*~*~tactically~*~*~ (stealth).
  2045 | D:4      | 2045 ||| Stepping ~*~*~tactically~*~*~ (outnumbered).
  2147 | D:4      | Found a staircase to the Ecumenical Temple.
  2171 | D:4      | 2171 ||| Stepping ~*~*~tactically~*~*~ (stealth).
  2173 | D:4      | 2173 ||| Stepping ~*~*~tactically~*~*~ (stealth).
  2175 | D:4      | 2175 ||| Stepping ~*~*~tactically~*~*~ (hiding).
  2178 | D:4      | 2178 ||| INVOKING Fiery Armour.
  2182 | D:4      | 2182 ||| Stepping ~*~*~tactically~*~*~ (outnumbered).
  2184 | D:4      | Reached XP level 6. HP: 59/59 MP: 6/6
  2342 | D:4      | Reached skill level 7 in Unarmed Combat
  2468 | D:4      | 2468 ||| READING scroll of enchant armour.
  2468 | D:4      | 2468 ||| ENCHANTING +0 cloak.
  2496 | D:4      | Found a broken altar of Ashenzari.
  2715 | D:4      | 2715 ||| READING 2 scrolls of identify.
  2715 | D:4      | 2715 ||| IDENTIFYING bubbling grey potion
  2734 | D:5      | Entered Level 5 of the Dungeon
  2734 | D:5      | Noticed Edmund
  2734 | D:5      | Found a runed translucent gate.
  2750 | D:5      | Killed Edmund
  2751 | D:5      | Reached skill level 8 in Unarmed Combat
  2751 | D:5      | Reached XP level 7. HP: 41/66 MP: 7/7
  2779 | D:5      | Noticed Prince Ribbit
  2787 | D:5      | Found an iron altar of Okawaru.
  2791 | D:5      | Killed Prince Ribbit
  2792 | D:5      | Reached skill level 3 in Fighting
  2826 | D:5      | Found a runed translucent gate.
  2831 | D:5      | Found a runed translucent gate.
  2831 | D:5      | Noticed qw's ghost (novice TrCA)
  2903 | D:5      | Found Catuux's Assorted Antiques.
  2923 | D:5      | Found a shimmering blue altar of Sif Muna.
  3100 | D:5      | 3100 ||| INVOKING Fiery Armour.
  3113 | D:5      | Reached skill level 9 in Unarmed Combat
  3195 | D:5      | Found a sparkling altar of Nemelex Xobeh.
  3285 | D:5      | 3285 ||| BUYING scroll labelled HONGIG FOSTEN (22 gold).
  3285 | D:5      | Bought a scroll labelled HONGIG FOSTEN for 22 gold pieces
  3285 | D:5      | 3285 ||| BUYING scroll labelled HONGIG FOSTEN (22 gold).
  3285 | D:5      | Bought a scroll labelled HONGIG FOSTEN for 22 gold pieces
  3285 | D:5      | 3285 ||| BUYING scroll labelled YNEN RE NEO (22 gold).
  3285 | D:5      | Bought a scroll labelled YNEN RE NEO for 22 gold pieces
  3285 | D:5      | 3285 ||| BUYING scroll of teleportation (66 gold).
  3285 | D:5      | Bought a scroll of teleportation for 66 gold pieces
  3345 | D:5      | 3345 ||| READING 2 scrolls labelled HONGIG FOSTEN.
  3346 | D:5      | 3346 ||| READING scroll labelled YNEN RE NEO.
  3347 | D:5      | 3347 ||| DRINKING 2 cyan potions.
  3348 | D:5      | 3348 ||| READING 2 scrolls of identify.
  3348 | D:5      | 3348 ||| IDENTIFYING fuming golden potion
  3349 | D:5      | 3349 ||| DROPPING scroll of fear.
  3362 | D:6      | 3362 ||| Stepping ~*~*~tactically~*~*~ (stealth).
  3365 | D:6      | 3365 ||| Stepping ~*~*~tactically~*~*~ (stealth).
  3366 | D:6      | 3366 ||| STAIRDANCE
  3391 | D:6      | 3391 ||| STAIRDANCE
  3429 | D:6      | Noticed a steam dragon
  3435 | D:6      | 3435 ||| INVOKING Fiery Armour.
  3438 | D:6      | Killed a steam dragon
  3439 | D:6      | Reached XP level 8. HP: 72/78 MP: 8/8
  3446 | D:6      | Reached skill level 1 in Dodging
  3495 | D:6      | 3495 ||| Stepping ~*~*~tactically~*~*~ (stealth).
  3498 | D:6      | 3498 ||| Stepping ~*~*~tactically~*~*~ (stealth).
  3500 | D:6      | 3500 ||| Stepping ~*~*~tactically~*~*~ (hiding).
  3572 | D:6      | 3572 ||| Stepping ~*~*~tactically~*~*~ (hiding).
  3573 | D:6      | 3573 ||| Stepping ~*~*~tactically~*~*~ (hiding).
  3574 | D:6      | 3574 ||| Stepping ~*~*~tactically~*~*~ (hiding).
  3575 | D:6      | 3575 ||| Stepping ~*~*~tactically~*~*~ (hiding).
  3576 | D:6      | 3576 ||| Stepping ~*~*~tactically~*~*~ (hiding).
  3577 | D:6      | 3577 ||| Stepping ~*~*~tactically~*~*~ (hiding).
  3578 | D:6      | 3578 ||| Stepping ~*~*~tactically~*~*~ (hiding).
  3579 | D:6      | 3579 ||| Stepping ~*~*~tactically~*~*~ (hiding).
  3581 | D:6      | 3581 ||| Stepping ~*~*~tactically~*~*~ (hiding).
  3583 | D:6      | 3583 ||| Stepping ~*~*~tactically~*~*~ (hiding).
  3584 | D:6      | 3584 ||| Stepping ~*~*~tactically~*~*~ (hiding).
  3585 | D:6      | 3585 ||| Stepping ~*~*~tactically~*~*~ (hiding).
  3589 | D:6      | Noticed Maggie
  3603 | D:6      | Killed Maggie
  3604 | D:6      | Reached skill level 10 in Unarmed Combat
  3609 | D:6      | 3609 ||| Stepping ~*~*~tactically~*~*~ (stealth).
  3612 | D:6      | 3612 ||| FLEEEEING.
  3619 | D:6      | 3619 ||| Stepping ~*~*~tactically~*~*~ (stealth).
  3621 | D:6      | 3621 ||| Stepping ~*~*~tactically~*~*~ (stealth).
  3670 | D:6      | 3670 ||| Stepping ~*~*~tactically~*~*~ (stealth).
  3672 | D:6      | 3672 ||| Stepping ~*~*~tactically~*~*~ (hiding).
  3804 | D:6      | Found a glowing golden altar of the Shining One.
  3845 | D:6      | 3845 ||| Stepping ~*~*~tactically~*~*~ (stealth).
  3846 | D:6      | 3846 ||| Stepping ~*~*~tactically~*~*~ (stealth).
  4053 | D:6      | 4053 ||| Stepping ~*~*~tactically~*~*~ (stealth).
  4166 | D:6      | 4166 ||| UPGRADING to +0 steam dragon scales.
  4176 | D:6      | 4176 ||| DROPPING +0 robe.
  4177 | D:6      | 4177 ||| UPGRADING to +0 swamp dragon scales.
  4187 | D:6      | 4187 ||| REMOVING ring of poison resistance.
  4188 | D:6      | 4188 ||| DROPPING +0 steam dragon scales.
  4189 | D:6      | 4189 ||| DRINKING 2 bubbling cyan potions.
  4190 | D:6      | 4190 ||| DRINKING 2 fizzy black potions.
  4295 | D:6      | 4295 ||| DRINKING 2 brown potions.
  4396 | D:6      | 4396 ||| DROPPING potion of flight.
  4397 | D:6      | 4397 ||| DROPPING potion of berserk rage.
  4398 | D:6      | 4398 ||| DROPPING potion of ambrosia.
  4442 | D:7      | Reached skill level 1 in Armour
  4442 | D:7      | Reached XP level 9. HP: 84/84 MP: 9/9
  4443 | D:7      | 4443 ||| Stepping ~*~*~tactically~*~*~ (hiding).
  4525 | D:7      | 4525 ||| Stepping ~*~*~tactically~*~*~ (stealth).
  4525 | D:7      | Found a runed translucent gate.
  4525 | D:7      | Found a runed translucent gate.
  4528 | D:7      | Noticed a spectral unseen horror
  4529 | D:7      | 4529 ||| Stepping ~*~*~tactically~*~*~ (hiding).
  4529 | D:7      | Found a runed translucent gate.
  4531 | D:7      | 4531 ||| Stepping ~*~*~tactically~*~*~ (hiding).
  4551 | D:7      | 4551 ||| Stepping ~*~*~tactically~*~*~ (stealth).
  4576 | D:7      | Reached skill level 11 in Unarmed Combat
  4609 | D:7      | Noticed qw's ghost (novice TrCA)
  4681 | D:7      | 4681 ||| Stepping ~*~*~tactically~*~*~ (stealth).
  4683 | D:7      | 4683 ||| Stepping ~*~*~tactically~*~*~ (stealth).
  4697 | D:7      | Reached skill level 3 in Throwing
  4706 | D:7      | 4706 ||| INVOKING Fiery Armour.
  5040 | D:7      | 5040 ||| UPGRADING to ring of willpower.
  5041 | D:7      | 5041 ||| READING 2 scrolls of identify.
  5041 | D:7      | 5041 ||| IDENTIFYING fuming cyan potion
  5042 | D:7      | 5042 ||| DROPPING potion of invisibility.
  5111 | D:8      | Identified the +10 short sword of Regicide {vorpal, Will+
                  | Str+2 Int+3}
  5127 | D:8      | 5127 ||| Stepping ~*~*~tactically~*~*~ (stealth).
  5248 | D:8      | 5248 ||| Stepping ~*~*~tactically~*~*~ (outnumbered).
  5254 | D:8      | 5254 ||| Stepping ~*~*~tactically~*~*~ (outnumbered).
  5257 | D:8      | Reached skill level 12 in Unarmed Combat
  5269 | D:8      | 5269 ||| Stepping ~*~*~tactically~*~*~ (stealth).
  5273 | D:8      | 5273 ||| Stepping ~*~*~tactically~*~*~ (stealth).
  5624 | D:8      | Found a snail-covered altar of Cheibriados.
  5625 | D:8      | Found an ornate altar of the Wu Jian Council.
  5629 | D:8      | Found a stormy altar of Qazlal.
  5630 | D:8      | Found a basalt altar of Yredelemnul.
  5704 | D:8      | Noticed a two-headed ogre
  5711 | D:8      | Killed a two-headed ogre
  5712 | D:8      | Reached skill level 6 in Fighting
  5712 | D:8      | Reached XP level 10. HP: 63/98 MP: 10/10
  5748 | D:8      | 5748 ||| READING scroll labelled FEFIN FEOWOJO FOT.
  5794 | D:8      | 5794 ||| DRINKING 2 sedimented purple potions.
  5795 | D:8      | 5795 ||| DRINKING 2 dark potions.
  5795 | D:8      | Gained mutation: Your body sometimes deteriorates upon
                  | taking damage. [potion of mutation]
  5795 | D:8      | Gained mutation: You possess an exceptional clarity of
                  | mind. [potion of mutation]
  5796 | D:8      | 5796 ||| READING 2 scrolls of identify.
  5796 | D:8      | 5796 ||| IDENTIFYING amethyst potion
  5797 | D:8      | 5797 ||| DROPPING potion of lignification.
  5835 | D:9      | Found a burning altar of Makhleb.
  5878 | D:9      | 5878 ||| INVOKING Fiery Armour.
  5941 | D:9      | 5941 ||| Stepping ~*~*~tactically~*~*~ (stealth).
  5946 | D:9      | 5946 ||| Stepping ~*~*~tactically~*~*~ (stealth).
  5951 | D:9      | 5951 ||| Stepping ~*~*~tactically~*~*~ (stealth).
  5960 | D:9      | 5960 ||| Stepping ~*~*~tactically~*~*~ (outnumbered).
  5961 | D:9      | 5961 ||| Stepping ~*~*~tactically~*~*~ (outnumbered).
  5962 | D:9      | 5962 ||| Stepping ~*~*~tactically~*~*~ (outnumbered).
  5963 | D:9      | 5963 ||| Stepping ~*~*~tactically~*~*~ (outnumbered).
  5964 | D:9      | 5964 ||| Stepping ~*~*~tactically~*~*~ (outnumbered).
  5987 | D:9      | 5987 ||| Stepping ~*~*~tactically~*~*~ (stealth).
  6002 | D:9      | 6002 ||| Stepping ~*~*~tactically~*~*~ (stealth).
  6012 | D:9      | 6012 ||| Stepping ~*~*~tactically~*~*~ (outnumbered).
  6021 | D:9      | Identified the +10 lajatang "Howasm" {speed, rElec rF++
                  | rC+}
  6031 | D:9      | 6031 ||| INVOKING Fiery Armour.
  6033 | D:9      | HP: 16/98 [orc priest/divine providence (17)]
  6034 | D:9      | 6034 ||| READING 3 scrolls of teleportation.
  6035 | D:9      | 6035 ||| DRINKING potion of heal wounds.
  6040 | D:9      | 6040 ||| Stepping ~*~*~tactically~*~*~ (hiding).
  6042 | D:9      | 6042 ||| Stepping ~*~*~tactically~*~*~ (hiding).
  6044 | D:9      | 6044 ||| Stepping ~*~*~tactically~*~*~ (outnumbered).
  6045 | D:9      | 6045 ||| Stepping ~*~*~tactically~*~*~ (outnumbered).
  6046 | D:9      | 6046 ||| Stepping ~*~*~tactically~*~*~ (hiding).
  6150 | D:9      | 6150 ||| Stepping ~*~*~tactically~*~*~ (hiding).
  6151 | D:9      | 6151 ||| Stepping ~*~*~tactically~*~*~ (hiding).
  6152 | D:9      | 6152 ||| Stepping ~*~*~tactically~*~*~ (hiding).
  6153 | D:9      | 6153 ||| Stepping ~*~*~tactically~*~*~ (hiding).
  6277 | D:9      | Noticed Maurice
  6278 | D:9      | 6278 ||| Stepping ~*~*~tactically~*~*~ (hiding).
  6279 | D:9      | 6279 ||| Stepping ~*~*~tactically~*~*~ (hiding).
  6289 | D:9      | Killed Maurice
  6290 | D:9      | Reached skill level 13 in Unarmed Combat
  6400 | D:9      | Found a blossoming altar of Fedhas.
  6506 | D:9      | Found a white marble altar of Elyvilon.
  6519 | D:9      | Found an opulent altar of Gozag.
  6547 | D:9      | 6547 ||| Stepping ~*~*~tactically~*~*~ (stealth).
  6549 | D:9      | 6549 ||| Stepping ~*~*~tactically~*~*~ (hiding).
  6561 | D:9      | 6561 ||| Stepping ~*~*~tactically~*~*~ (stealth).
  6626 | D:9      | 6626 ||| Stepping ~*~*~tactically~*~*~ (hiding).
  6782 | D:9      | 6782 ||| Stepping ~*~*~tactically~*~*~ (stealth).
  6860 | D:9      | 6860 ||| DROPPING +1 robe of cold resistance.
  6861 | D:9      | 6861 ||| READING scroll labelled USAR ATHREWOELA.
  6862 | D:9      | 6862 ||| READING scroll labelled SIUFUODUON.
  6862 | D:9      | Identified a scroll of acquirement
  6862 | D:9      | 6862 ||| ACQUIRING +3 hat of the Stallion {rPois Stlth+}
  6862 | D:9      | Acquired the +3 hat of the Stallion {rPois Stlth+}
  6864 | D:9      | 6864 ||| UPGRADING to +3 hat of the Stallion {rPois
                  | Stlth+}.
  6869 | D:9      | 6869 ||| READING 5 scrolls of identify.
  6869 | D:9      | 6869 ||| IDENTIFYING purple potion
  6870 | D:9      | 6870 ||| DROPPING potion of attraction.
  6896 | D:10     | Entered Level 10 of the Dungeon
  6901 | D:10     | 6901 ||| STAIRDANCE
  6918 | D:10     | Reached skill level 14 in Unarmed Combat
  6918 | D:10     | 6918 ||| STAIRDANCE
  7018 | D:10     | 7018 ||| Stepping ~*~*~tactically~*~*~ (stealth).
  7025 | D:10     | Reached skill level 3 in Armour
  7062 | D:10     | Noticed Lodul
  7063 | D:10     | 7063 ||| INVOKING Fiery Armour.
  7068 | D:10     | Killed Lodul
  7069 | D:10     | Reached XP level 11. HP: 101/105 MP: 11/11
  7072 | D:10     | 7072 ||| Stepping ~*~*~tactically~*~*~ (outnumbered).
  7072 | D:10     | Noticed a two-headed ogre
  7079 | D:10     | 7079 ||| Stepping ~*~*~tactically~*~*~ (outnumbered).
  7085 | D:10     | HP: 19/105 [two-headed ogre/+0 giant club (25)]
  7086 | D:10     | 7086 ||| READING 2 scrolls of teleportation.
  7086 | D:10     | HP: 8/105 [ogre/+0 giant spiked club[Lodul] (12)]
  7086 | D:10     | Slain by an ogre

Levels and vault maps discovered:
D:1:      psy_arrival_spokes, layout_rooms,
          hellmonk_ecumenical_altar_slurped_away
D:2:      layout_loops_corners, minmay_box_of_dots
D:3:      layout_rooms, mainiacjoe_overflow_small_starburst,
          minmay_stone_trees_small, st_stairs_2, uniq_terence
D:4:      layout_cave_pools, mainiacjoe_overflow_tiny_flanked,
          minmay_temple_entry_antechambers
D:5:      layout_rooms, okawaru_trees_1, nemelex_spade_bored_becter,
          lemuel_round_altar, gammafunk_ghost_split, serial_shops,
          nicolae_shop_hallway_stairs, uniq_edmund, uniq_prince_ribbit1
D:6:      layout_basic, marbit_many_paths, uniq_maggie
D:7:      nicolae_cairo_tiling, layout_rooms, gammafunk_ghost_necromancy
D:8:      layout_loops_ring, minitemple
D:9:      nicolae_BIG_FREAKIN_CUBE, layout_cave_pools, old_standard_altar,
          fedhas_altar_fruit_tree, mainiacjoe_overflow_catch_the_wave,
          uniq_maurice
D:10:     layout_cave_pools, trog_hazing_becter, orc_0_dummy, uniq_lodul

Skill      XL: |  1  2  3  4  5  6  7  8  9 10 |
---------------+-------------------------------+-----
Unarmed Combat | 4 5 6 8 9 10 12 14 | 14.6
Throwing       | 1 2 3 |  3.1
Fighting       | 3 4 6 |  6.1
Dodging        | 1 |  1.9
Armour         | 1 2 3 |  3.2
Spellcasting   | |  1.0
Fire Magic     | |  2.1

Action                   |  1- 3 |  4- 6 |  7- 9 | 10-12 || total
-------------------------+-------+-------+-------+-------++-------
Melee: Unarmed           |    85 |   177 |   237 |   153 ||   652
       Punch             |       |     4 |     2 |     5 ||    11
Throw: Javelin           |       |    57 |    47 |    11 ||   115
       Boomerang         |       |     1 |       |    13 ||    14
Invok: Fiery Armour      |       |     1 |     3 |     3 ||     7
  Use: Scroll            |     3 |     7 |     4 |     7 ||    21
       Potion            |       |       |     4 |     3 ||     7
Armor: Robe              |    18 |    36 |    30 |       ||    84
       Swamp dragon scal |       |       |    67 |    48 ||   115
Dodge: Dodged            |    26 |    55 |   103 |    39 ||   223

Table legend:
 A = Non-vault XP
 B = Vault XP
 C = Vault XP percentage of total XP
 D = Non-vault monster count
 E = Vault monster count
 F = Vault count percentage of total count
                 A         B        C        D         E       F
            +---------+---------+-------+---------+---------+-------
      Total |    9098 |    2563 |  22.0 |     224 |      19 |   7.8
            +---------+---------+-------+---------+---------+-------
        D:1 |      33 |       2 |   5.7 |      19 |       1 |   5.0
        D:2 |      77 |       9 |  10.5 |      21 |       4 |  16.0
        D:3 |     145 |      41 |  22.0 |      35 |       4 |  10.3
        D:4 |     315 |       0 |   0.0 |      30 |       0 |   0.0
        D:5 |     367 |     425 |  53.7 |      14 |       2 |  12.5
        D:6 |     826 |     437 |  34.6 |      22 |       2 |   8.3
        D:7 |    1064 |       0 |   0.0 |      24 |       0 |   0.0
        D:8 |    1862 |       0 |   0.0 |      20 |       0 |   0.0
        D:9 |    2517 |     415 |  14.2 |      29 |       1 |   3.3
       D:10 |    1892 |    1234 |  39.5 |      10 |       5 |  33.3
            +---------+---------+-------+---------+---------+-------
